 Dungeon Crawl Stone Soup version 0.20.0-10-g0535bb4 (webtiles) character file.

30 MDvedh the Twirler (level 3, -7/27 HPs)
             Began as a Demonspawn Gladiator on June 5, 2017.
             Mangled by a kobold
             ... wielding a +2 short sword of distortion
              (20 damage)
             ... on level 2 of the Dungeon.
             The game lasted 00:01:18 (932 turns).

MDvedh the Twirler (Demonspawn Gladiator)            Turns: 932, Time: 00:01:18

Health: -7/27      AC: 11    Str: 15    XL:     3   Next: 5%
Magic:  3/3        EV:  4    Int:  9    God:
Gold:   56         SH:  0    Dex: 14    Spells: 2/2 levels left

rFire    . . .     SeeInvis .   a - +0 quarterstaff
rCold    . . .     Gourm    .   (shield currently unavailable)
rNeg     . . .     Faith    .   j - +0 plate armour
rPois    .         Spirit   .   c - +0 helmet
rElec    .         Reflect  .   (no cloak)
rCorr    .         Harm     .   (no gloves)
MR       .....                  (no boots)
Stlth    ..........             (no amulet)
Regen    0.1/turn               (no ring)
MPRegen  0.1/turn               (no ring)

@: no status effects
A: claws 1, powered by death 1
a: no special abilities


You were on level 2 of the Dungeon.
You were not hungry.

You visited 1 branch of the dungeon, and saw 2 of its levels.

You collected 56 gold pieces.

Inventory:

Hand Weapons
 a - a +0 quarterstaff (weapon)
Missiles
 d - 3 throwing nets (quivered)
Armour
 b - a +0 leather armour
 c - a +0 helmet (worn)
 j - a +0 plate armour (worn)
Jewellery
 i - a cursed amulet of inaccuracy {unknown}
Scrolls
 e - a scroll of teleportation {unknown}
 g - a scroll of immolation {unknown}
 l - a scroll of remove curse {unknown}
Potions
 k - a potion of resistance {unknown}
Comestibles
 f - a bread ration
 h - a meat ration


   Skills:
 - Level 2.0 Fighting
 + Level 3.8 Staves
 - Level 1.7 Throwing
 - Level 2.6 Dodging


You had 2 spell levels left.
You didn't know any spells.

Dungeon Overview and Level Annotations

Branches:
Dungeon (2/15)

Altars:


Innate Abilities, Weirdness & Mutations

You have sharp fingernails.
You regenerate a little health from kills.


Message History

You miss the goblin. The goblin hits you but does no damage.
You closely miss the goblin. The goblin hits you but does no damage.
You completely miss the goblin. The goblin hits you but does no damage.
You closely miss the goblin. The goblin hits you but does no damage.
You hit the goblin but do no damage. The goblin hits you but does no damage.
Your plate armour prevents you from hitting the goblin.
The goblin hits you but does no damage.
You thump the goblin!
You kill the goblin!
Your plate armour prevents you from hitting the kobold.
The kobold hits you but does no damage. Space warps horribly around you!
You hit the kobold but do no damage. The kobold hits you but does no damage.
Space bends around you.
You are too injured to fight recklessly!
You are too injured to fight recklessly!
You are too injured to fight recklessly!
You barely miss the kobold. The kobold hits you but does no damage.
Space warps horribly around you!
Ouch! That really hurt!
You die...

##### ...# # #.### .
####...##### #.
#<......@KK###.###
#.##.##...###........
#.......### #####....
#.......# #K
##.#†##.# #.#..#.#
#.##.#.# # .#.# ...#


You could see 2 kobolds.

Vanquished Creatures
  An ooze (D:1)
  A worm (D:2)
  A giant cockroach (D:1)
  2 hobgoblins (D:1)
  2 jackals (D:1)
  4 kobolds (D:1)
  2 bats (D:1)
  4 frilled lizards
  5 goblins
  3 rats (D:1)
25 creatures vanquished.

Notes
Turn   | Place    | Note
-------+----------+-------------------------------------------
     0 | D:1      | MDvedh the Demonspawn Gladiator began the quest for the Orb.
     0 | D:1      | Reached XP level 1. HP: 16/16 MP: 1/1
   106 | D:1      | Reached skill level 3 in Staves
   216 | D:1      | Gained mutation: You regenerate a little health from kills. [demonic ancestry]
   216 | D:1      | Reached XP level 2. HP: 12/22 MP: 2/2
   894 | D:2      | Gained mutation: You have sharp fingernails. [demonic ancestry]
   894 | D:2      | Reached XP level 3. HP: 25/27 MP: 3/3
   932 | D:2      | Mangled by a kobold

Skill      XL: |  1 |
---------------+----+-----
Staves         | 3 |  3.8
Fighting       | |  2.0
Throwing       | |  1.7
Dodging        | |  2.6

Action                   || total
-------------------------++-------
Melee: Quarterstaff      ||    91
 Stab: Sleeping          ||     1
Armor: Leather armour    ||     9
       Plate armour      ||    47
Dodge: Dodged            ||    28
